[Event "Israeli Championship 2022"]
[Site "Yosiah Arad"]
[Date "2022.12.09"]
[Round "5.10"]
[White "Levitan, Tal"]
[Black "Zemach, Nadav"]
[Result "1-0"]
[ECO "C48"]
[WhiteElo "2243"]
[BlackElo "2402"]
[Annotator "TA"]
[PlyCount "189"]
[EventDate "2022.12.05"]
[EventType "swiss"]
[EventCountry "ISR"]
[SourceTitle "playchess.com"]
[Source "ChessBase"]
[SourceQuality "1"]
[TimeControl "40/5400+30:1800+30"]

1. e4 e5 2. Nf3 Nc6 3. Nc3 Nf6 4. Bb5 Nd4 5. O-O c6 6. Bd3 {[%emt 0:00:05] C48: Four Knights: 4 Bb5, replies other than 4...Bb4.} Nxf3+ 7. Qxf3 Bd6 8. Bc4 {[%emt 0:02:47] The position is equal.} O-O 9. a4 Bc7 10. d3 h6 11. h3 d6 {[%emt 0:02:44][%cal Bd7d6,Bd6d5][%mdl 32] [#]} 12. Ne2 $146 ({Predecessor:} 12. g4 Nh7 13. Qg3 Be6 14. Bxe6 fxe6 15. h4 Qf6 16. f4 exf4 17. Bxf4 Qd4+ 18. Kg2 {½-½ (72) Ostrovskiy,A (2430)-Ringoir,T (2474) Charlotte 2021}) 12... Kh7 13. Ng3 g6 14. Qe2 (14. b4 {feels hotter.} Kg7 15. a5 d5 16. Bb3) 14... d5 15. Ba2 Kg7 16. Kh1 Qe7 17. f4 (17. Qe3 {keeps more tension.} Rh8 18. exd5 Nxd5 19. Bxd5 cxd5 20. f4) 17... dxe4 (17... exf4 {with more complications.} 18. Bxf4 Bxf4 19. Rxf4 dxe4 20. Raf1 Nd5) 18. dxe4 exf4 19. Bxf4 Bxf4 20. Rxf4 Nd7 21. e5 Nxe5 (21... Qxe5 $2 22. Qf2 f5 23. Re1 $18) (21... Qg5 $2 22. Raf1 $1 Nxe5 23. h4 $18) 22. Raf1 f6 23. Ne4 Bf5 24. Rxf5 $1 gxf5 25. Ng3 Qe8 (25... Kh8 $11 {keeps the balance.}) 26. Nxf5+ $16 Kh8 (26... Kh7 $16) 27. Rf4 $1 $18 {[%emt 0:00:00][%mdl 1024] White has strong compensation.} Qg6 28. Qf2 $1 $40 {[%emt 0:00:00][%mdl 128] Black is in trouble.} h5 $2 (28... Rfd8) 29. Rh4 (29. Ng3 $142 {And now Rf5 would win.} Rae8 30. Rf5) 29... Rad8 $2 (29... Rfd8) 30. Ng3 $1 (30. Qe2 Rd7 $15) 30... Rd5 31. Bxd5 cxd5 32. Nxh5 {[%emt 0:00:00][%cal Bg3h5,Bh5f4,Bf4d3,Bd3c5,Bc5e6,Be6d4][%mdl 32] Nf4+ is the strong threat.} Kg8 33. Nf4 Qf5 34. Rh5 Qe4 35. Nd3 Ng6 36. Rf5 Kg7 37. Nc5 Qe8 38. Rxd5 Rf7 39. Qf5 Qe1+ 40. Kh2 Re7 {[%emt 0:00:09] Inhibits Ne6+.} 41. Rd6 Qh4 (41... Qe5+ 42. Qxe5 Nxe5) 42. Ne6+ Kf7 43. Qd5 Ne5 44. Nd4+ Kf8 45. Rd8+ Re8 46. Rxe8+ (46. Ne6+ $142 Kf7 47. Nc7+ (47. Qxb7+ Re7 $15) 47... Kg6 48. Rxe8 (48. Nxe8 $2 Ng4+ 49. Kh1 Qe1#) 48... Qf4+ 49. g3 Qf2+ 50. Qg2) 46... Kxe8 {[%emt 0:00:06][%mdl 4096] Endgame KQN-KQN} 47. Qe6+ Kd8 {[%emt 0:04:32] [#]} 48. Qe7+ $3 Kxe7 49. Nf5+ Ke6 {[%emt 0:00:01] ( -> ...Ng4+)} 50. Nxh4 {[%emt 0:00:06] KN-KN} Nc4 51. b3 Ne3 52. c4 (52. g4 $18) 52... Nf1+ $16 53. Kg1 Nd2 54. Kf2 (54. b4 $5 ) 54... Nxb3 55. Ke3 Nc5 (55... a5 $1 $14) 56. a5 Nb3 57. a6 bxa6 (57... Nc5 $16 {was called for.}) 58. Nf3 $18 {[%emt 0:00:00] aiming for Nd4+.} Nc5 59. Kd4 $1 Nb3+ 60. Kc3 Nc5 61. h4 a5 62. Nd4+ $1 Ke5 $2 (62... Kf7 63. Nb3 Ne6 64. Nxa5 Nf4) 63. h5 $1 {[%emt 0:00:00] Hoping for h6.} Ne4+ 64. Kd3 Nf2+ $2 (64... f5 65. h6 Nc5+ 66. Kc3 Kf6 67. Nxf5 Kg6) 65. Ke2 Ng4 66. Nc6+ Ke4 67. Nxa5 ({Weaker is} 67. Nxa7 Kd4 $18) 67... Kd4 {[%emt 0:01:42] Prevents c5.} 68. Kf3 Nh6 69. Kf4 a6 (69... Kc5 $142 70. g3 a6) 70. g4 {[%emt 0:00:53] Threatens to win with g5.} Kc5 71. g5 fxg5+ 72. Kxg5 Nf7+ 73. Kg6 Ne5+ 74. Kf5 Nf7 75. Ke6 (75. Nb7+ $142 Kd4 76. Ke6 Ng5+ 77. Kf6 Nh7+ 78. Kg6 Nf8+ 79. Kg7) 75... Nh6 76. Nb7+ $2 (76. Ke5 $18 Ng8 77. Ke6) 76... Kxc4 $11 77. Nd6+ Kb4 78. Nf5 (78. Kf6 $5) 78... Ng4 79. Nd4 {[%emt 0:00:08] Kf5 would kill now.} Kc4 80. Kf5 Nh6+ 81. Kg6 Ng4 $2 (81... a5 $11) 82. Nc6 $2 (82. Kg5 {mates} Ne5 {[#]} 83. Nc6 $1 Nd7 84. h6 Nf8 85. Ne5+ Kd5 86. Nd7 $1 Nxd7 87. h7) 82... a5 $1 83. Nxa5+ (83. Kg5 $5 a4 $8 84. Na5+ (84. Kxg4 a3 $11) 84... Kb4 85. Kxg4 $11) 83... Kd5 84. Nb3 {[%emt 0:00:11] Black must now prevent Kg5.} Ke6 85. Nd4+ Ke7 86. Kg7 Nf6 $2 (86... Kd6 $11) 87. h6 Ne8+ 88. Kg6 Nf6 89. Nc6+ Ke6 90. Nd4+ Ke7 $1 91. Ne2 {[%emt 0:00:29] White mates.} Ng4 92. h7 Ne5+ 93. Kg7 Nf7 94. Nf4 ({Not} 94. h8=R Nxh8 95. Kxh8 $11) 94... Nh8 95. Ng6+ {[%emt 0:00:03] Weighted Error Value: White=0.36/Black=0.37} 1-0

[Event "Israeli Championship 2022"]
[Site "Yosiah Arad"]
[Date "2022.12.09"]
[Round "5.11"]
[White "Shohat, Yotam"]
[Black "Shachar, Ehud"]
[Result "1-0"]
[ECO "C11"]
[WhiteElo "2294"]
[BlackElo "2319"]
[Annotator "TA"]
[PlyCount "73"]
[EventDate "2022.12.05"]
[EventType "swiss"]
[EventCountry "ISR"]
[SourceTitle "playchess.com"]
[Source "ChessBase"]
[SourceQuality "1"]
[TimeControl "40/5400+30:1800+30"]

1. e4 e6 2. d4 d5 3. Nc3 Nf6 4. e5 Nfd7 5. f4 c5 6. Nf3 Nc6 7. Be3 a6 8. Ne2 {[%emt 0:00:37] C11: French: Classical System: 4 e5 and 4 Bg5 dxe4.} Be7 9. c3 Qc7 10. g3 {[%emt 0:10:44] White is slightly better.} b5 11. Bh3 g6 {[%emt 0:06:30] Prevents f5.} 12. O-O {[%emt 0:00:21] [#]} c4 $146 ({Predecessor:} 12... Bb7 13. Rf2 c4 14. Qc2 O-O-O 15. Rff1 Rdf8 16. Kh1 Nb6 17. Kg1 Kb8 18. Rf2 Bd8 {½-½ (31) Samani,Y (2257)-Pavlov,M (2284) Ayvalik 2022}) 13. b4 Nb6 14. g4 h5 {[%emt 0:11:39] Prevents f5.} 15. Ng5 hxg4 16. Bxg4 Bd7 17. Kg2 Bxg5 (17... a5 $5 18. a3 Kf8 $11) 18. fxg5 Rh7 19. Rf6 O-O-O 20. Qf1 Be8 (20... Ne7 $11) 21. Qf2 $14 Kb7 22. h4 Ne7 23. Nf4 (23. Rh1 $14) 23... Bd7 (23... Ng8 $11) 24. h5 $1 gxh5 ({Black should try} 24... Rdh8 $1 $14) 25. Nxh5 $18 Nf5 26. Bf4 (26. Bxf5 $18 {has better winning chances.} exf5 27. Rh6) 26... Rdh8 (26... Rg8 $16) 27. Bxf5 {[%emt 0:02:12] Active counter play!} Rxh5 28. Bg4 Rh4 29. Qf3 R4h7 30. Rf1 Rg8 {[%emt 0:05:12] [#]} (30... Qc8 $16) 31. Be3 (31. Bd2 $1 $18 Be8 32. Rh6) 31... Rgg7 (31... Be8 $16) 32. Rh6 {[%emt 0:01:21] And now Qh3 would win.} Be8 $2 (32... Qb8 33. Qh3 Qg8) 33. Rfh1 {[%emt 0:01:03] White is clearly winning.} Rxh6 34. gxh6 Rh7 35. Qf6 {[%emt 0:00:20] Prevents a5.} Nc8 36. Bg5 Bc6 37. Bd1 {[%emt 0:01:43] Weighted Error Value: White=0.25 (precise) /Black=0.58} 1-0

[Event "Israeli Championship 2022"]
[Site "Yosiah Arad"]
[Date "2022.12.09"]
[Round "5.12"]
[White "Streltsov, Alexey"]
[Black "Sitbon, Itay"]
[Result "1-0"]
[ECO "B38"]
[WhiteElo "2313"]
[BlackElo "2092"]
[Annotator "TA"]
[PlyCount "109"]
[EventDate "2022.12.05"]
[EventType "swiss"]
[EventCountry "ISR"]
[SourceTitle "playchess.com"]
[Source "ChessBase"]
[SourceQuality "1"]
[TimeControl "40/5400+30:1800+30"]

1. e4 c5 2. Nf3 g6 3. d4 cxd4 4. Nxd4 Bg7 5. c4 Nc6 6. Be3 Nf6 7. Nc3 O-O 8. Be2 d6 9. f3 Bd7 10. Qd2 Nxd4 11. Bxd4 a5 12. b3 Bc6 13. O-O Nd7 14. Be3 Nc5 15. Rab1 Be5 {[%emt 0:04:13] B38: Sicilian: Maroczy Bind with 5...Bg7 and 7...0-0.} 16. Rfc1 e6 17. Bd4 {[%emt 0:08:01] [#]} b6 $146 {[%emt 0:23:10] The position is equal.} (17... Bxd4+ {simplifies} 18. Qxd4 e5 19. Qe3 Ne6) ({Predecessor:} 17... Qb6 18. Kh1 Bxd4 19. Qxd4 Rfd8 20. Rd1 e5 21. Qe3 Qb4 22. h4 Ne6 23. Bf1 Qa3 {0-1 (47) Brunet Gil,P (1939)-Martinez Perez,S (1919) Sabadell 2017}) 18. Rd1 Rc8 19. Qe3 Qf6 20. Bxe5 dxe5 {[%emt 0:00:22] [#]} 21. a3 $1 {[%emt 0:01:45][%cal Ba2a3,Ba3b4,Bb4b5][%mdl 32] Strongly threatening b4.} Qe7 22. b4 axb4 23. axb4 Nd7 {[%emt 0:01:58] [#]} 24. b5 $1 Ba8 (24... Bb7 $16) 25. Na4 $18 Rb8 26. Rxd7 Qxd7 27. Nxb6 Qa7 (27... Qd4 $2 28. Qxd4 exd4 29. Nd7 $18) (27... Qc7 $16 {might work better.}) 28. c5 Rfd8 29. Kf1 Rd4 (29... Qa2 $16 30. Qc1 Rd2) 30. Qc3 {[%emt 0:00:21] aiming for Ra1.} Rxb6 31. Ra1 {[%emt 0:01:50][%mdl 64] Deflection} (31. cxb6 $6 Qxb6 32. Ra1 Bb7 $16) 31... Qc7 (31... Qb8 $142) 32. Rxa8+ Kg7 33. Qa3 (33. c6 $142) 33... Rb7 $2 (33... Rb8) 34. c6 {[%emt 0:05:44] Threatening mate with Qf8+.} Rb8 {[%emt 0:00:15] Prevents Qf8+.} 35. Rxb8 Qxb8 {[%emt 0:00:07][%mdl 4096] Endgame KQR-KQB} 36. Qc5 Qd8 37. Qxe5+ (37. c7 Rd1+ 38. Bxd1 Qxd1+ 39. Kf2 Qd2+ 40. Kg3 Qf4+ 41. Kh3 (41. Kf2 Qd2+ 42. Kf1 Qd1+ 43. Kf2 Qd2+ $11) 41... Qh6+ 42. Kg3 Qf4+ 43. Kh3 (43. Kf2 Qd2+ 44. Kg3 Qf4+ $11) 43... Qh6+ 44. Kg3 Qf4+ $11) 37... f6 38. Qc5 e5 39. Kf2 Qc8 40. c7 (40. b6 $142 Rd7 41. c7 (41. cxd7 $2 Qxc5+ 42. Kf1 Qxb6 $19) 41... Rf7 42. Bc4 f5 43. Bxf7 fxe4 44. Qe7 e3+ 45. Kxe3) 40... Rd2 41. Ke3 Rb2 42. Qc6 (42. Qe7+ $142 Kh6 43. Qd8 (43. Qxf6 Qxc7 44. Qf8+ Kh5 $11) 43... Qe6 44. c8=Q (44. c8=B Qf7 $18) 44... Qxc8 45. Qxc8 f5 46. Qf8+ Kh5 47. g4+ Kg5 48. Qe7+ Kh6 49. h4) 42... Rb3+ 43. Kf2 Rb2 44. h4 {[%emt 0:00:49] Qd6 is the strong threat.} h5 45. Ke3 Rb3+ 46. Bd3 Kh6 47. Ke2 {[%emt 0:00:00] Active counter play!} Rb2+ 48. Kf1 {[%emt 0:00:00] Intending Kg1 and mate.} Kg7 49. Kg1 {[%emt 0:00:00] White wants to mate with Bc4.} Kh7 50. Bc4 {[%emt 0:00:00] White mates.} ({Worse is} 50. Qxf6 Qxc7 51. Kh2 Rb3 $11) 50... f5 51. Be6 Rb1+ 52. Kh2 f4 53. Bxc8 g5 54. Bf5+ Kg7 55. Qg6+ {[%emt 0:07:04] Weighted Error Value: White=0.25 (precise) /Black=0.80} 1-0

[Event "Israeli Championship 2022"]
[Site "Yosiah Arad"]
[Date "2022.12.09"]
[Round "5.13"]
[White "Tzidkiya, Yeshaayahu"]
[Black "Uritsky, Yonathan"]
[Result "1-0"]
[ECO "A45"]
[WhiteElo "2444"]
[BlackElo "2216"]
[Annotator "TA"]
[PlyCount "85"]
[EventDate "2022.12.05"]
[EventType "swiss"]
[EventCountry "ISR"]
[SourceTitle "playchess.com"]
[Source "ChessBase"]
[SourceQuality "1"]
[TimeControl "40/5400+30:1800+30"]

1. d4 Nf6 2. Nc3 c5 3. Bg5 cxd4 4. Qxd4 Nc6 5. Qh4 e6 6. e4 Be7 7. O-O-O {[%emt 0:02:50] 7.f4 is not played anymore.} h6 {[%emt 0:04:12] A45: Trompowsky Attack.} 8. f4 $1 O-O (8... hxg5 $2 9. Qxh8+ Bf8 10. e5 $18) 9. Nf3 {[%emt 0:00:36][%cal Og5h6] [#] Hoping for Bxh6!} (9. Bxh6 {with more complications.} gxh6 10. Qxh6 Ng4 11. Qh3) 9... Ne8 $146 {[%emt 0:16:53] White is better.} ({Don't do} 9... hxg5 10. Nxg5 $14) ({Predecessor:} 9... Qa5 10. e5 hxg5 11. Nxg5 Nxe5 12. fxe5 Qxe5 13. Bd3 Nh5 14. Nce4 Qf4+ 15. Qxf4 Nxf4 {0-1 (63) Konenkin,D (2267)-Tanaka,T (2106) Chess.com INT 2020}) 10. Bxe7 Qxe7 11. Qxe7 Nxe7 12. e5 Nc7 13. Bd3 f5 {[%emt 0:02:57] Black is on the road to losing.} 14. exf6 gxf6 15. Rhe1 d5 16. Nd4 {[%emt 0:19:06] White has more active pieces. The black rooks are badly placed.} Bd7 (16... a6 $16 {was called for.}) 17. Ncb5 $18 Bxb5 18. Nxb5 Rfc8 (18... Nxb5 $142 19. Rxe6 (19. Bxb5 Ng6 $16) 19... Kf7) 19. Nxc7 Rxc7 20. Rxe6 Kf7 21. Rde1 Rg8 22. g3 Nc6 (22... Rd8 $142 23. a3 Nc8) 23. Rd6 {[%emt 0:01:50] Threatens to win with Ree6.} Rd8 24. Rxd8 Nxd8 {[%emt 0:00:02][%mdl 4096] Endgame KRB-KRN} 25. Be2 Nc6 26. Bh5+ Kg7 27. Rd1 d4 28. a3 {[%emt 0:11:03] Prevents Nb4.} Rd7 29. Bf3 Na5 30. Be4 b6 31. b3 h5 32. Kb2 Kh6 33. h3 b5 34. g4 Rd6 35. Bf3 h4 36. Be4 Rd8 (36... a6 {was necessary.} 37. Ka2 Kg7) 37. Rg1 Rg8 38. g5+ fxg5 39. Rg4 Kh5 (39... Rg7 $142 40. fxg5+ Rxg5 41. Rxh4+ Kg7 42. Rh7+ Kf6 43. Rxa7 Ke5) 40. Bf3 {[%emt 0:00:08] White is clearly winning.} Rf8 41. Rxg5+ Kh6 42. Rxb5 Rxf4 43. Bd5 {[%emt 0:00:18] Weighted Error Value: White=0.08 (flawless) /Black=0.32} ({Weaker is} 43. Rxa5 Rxf3 44. Ra6+ (44. Rxa7 d3 $16) 44... Kg5 $16) 1-0

[Event "Israeli Championship 2022"]
[Site "Yosiah Arad"]
[Date "2022.12.09"]
[Round "5.14"]
[White "Kupervaser, Erez"]
[Black "Barak, Gil"]
[Result "1-0"]
[ECO "C45"]
[WhiteElo "2331"]
[BlackElo "2147"]
[Annotator "TA"]
[PlyCount "113"]
[EventDate "2022.12.05"]
[EventType "swiss"]
[EventCountry "ISR"]
[SourceTitle "playchess.com"]
[Source "ChessBase"]
[SourceQuality "1"]
[TimeControl "40/5400+30:1800+30"]

1. e4 e5 2. Nf3 Nc6 3. d4 exd4 4. Nxd4 d6 5. Nxc6 bxc6 6. Be3 {[%emt 0:00:29] C45: Scotch Game.} Nf6 {[%emt 0:01:48] [#]} 7. Nd2 $146 ({Predecessor:} 7. Nc3 Be6 8. Ba6 Rb8 9. b3 c5 10. Bb5+ Bd7 11. Bxd7+ Qxd7 12. f3 g6 13. Nd5 Bg7 {½-½ (42) Cortes,M (1718)-Castro,D (1526) Mosquera 2014}) 7... Be7 8. Be2 {[%emt 0:02:29] The position is equal.} O-O 9. O-O Re8 10. c4 h6 11. h3 Bf8 12. Qc2 c5 13. Bd3 Bb7 14. Rfe1 Bc6 15. Rad1 Qc8 16. f3 Qb7 17. Nb1 Rab8 18. b3 Nd7 19. Nc3 Be7 20. Qf2 Ne5 21. Bc2 Bf6 22. Nd5 Bxd5 23. exd5 Ng6 24. Qd2 Re7 25. Bf2 Rbe8 26. Kf1 Qb8 27. Rxe7 Rxe7 28. Re1 Qe8 29. Rxe7 {[%emt 0:02:31] White is more active.} Qxe7 30. Qe2 Qxe2+ 31. Kxe2 $14 {[%emt 0:00:02][%mdl 4096] Endgame KBB-KBN} Nf4+ 32. Kf1 Bc3 33. Be3 g5 34. g3 Nh5 35. Bf2 Kg7 $1 36. Bd1 f5 {[%emt 0:01:42] Prevents f4.} (36... Kg6 $1 $11) 37. f4 Nf6 38. fxg5 hxg5 {[%emt 0:00:06] [#]} 39. Bc2 $1 Ne4 $2 {[%emt 0:02:17][%mdl 8192] Loses the game.} (39... g4 $16) 40. Bxe4 $18 fxe4 {[%emt 0:00:01] KB-KB} 41. Be1 Bd4 (41... Bf6 42. Ke2 Bd4) 42. Ba5 Kf6 43. Bxc7 g4 $2 (43... Be5 44. g4 Ke7) 44. hxg4 ({Not} 44. Bxd6 gxh3 45. Bf4 (45. g4 Kg5 $15) 45... h2 $17) 44... Be5 45. Bd8+ Kf7 46. Ke2 Bd4 47. Ba5 Kf6 48. Bd2 Ke7 49. a3 Bb2 50. Ke3 Bxa3 51. Kxe4 {[%emt 0:00:00] [#] Kf5 would kill now.} Bb2 52. Kf5 {[%emt 0:00:00] White mates.} Bd4 53. Bg5+ Kf7 54. Bf4 Ke7 55. Kg6 a6 56. g5 Bc3 57. Kh7 {[%emt 0:00:00] Weighted Error Value: White=0.10 (very precise) /Black=0.36} 1-0

[Event "Israeli Championship 2022"]
[Site "Yosiah Arad"]
[Date "2022.12.09"]
[Round "5.15"]
[White "Poleg, Matan"]
[Black "Ben-Menachem, Itzhak"]
[Result "1/2-1/2"]
[ECO "D21"]
[WhiteElo "2291"]
[BlackElo "2291"]
[Annotator "TA"]
[PlyCount "40"]
[EventDate "2022.12.05"]
[EventType "swiss"]
[EventCountry "ISR"]
[SourceTitle "playchess.com"]
[Source "ChessBase"]
[SourceQuality "1"]
[TimeControl "40/5400+30:1800+30"]

1. d4 d5 2. c4 dxc4 3. Nf3 c5 4. e3 cxd4 5. exd4 Be6 6. Na3 {[%emt 0:10:21][%cal Bb1a3,Ba3c4,Bc4e5][%mdl 32] D21: Queen's Gambit Accepted: 3 Nf3 sidelines.} Nc6 ({Resist} 6... Qa5+ 7. Bd2 Qa6 8. Ng5 $16) 7. Nxc4 Bd5 8. Nce5 {[%emt 0:03:06] The position is equal.} e6 {[%emt 0:04:56] [#]} 9. a3 $146 ({Predecessor:} 9. Be2 Bb4+ 10. Bd2 Bxd2+ 11. Qxd2 Nf6 12. O-O Bxf3 13. Nxf3 O-O 14. Rfd1 Qd5 15. b4 {½-½ (41) Schaefer,M (2215)-Polgar,Z (2550) Wiesbaden 1994}) 9... Bd6 10. Nxc6 Bxc6 11. Bd3 Qa5+ 12. Bd2 Qh5 13. Ne5 $1 Qxd1+ 14. Rxd1 Bd5 15. Bb5+ Ke7 16. Nc4 Bxc4 17. Bxc4 Nf6 18. Ke2 Rac8 19. Bb3 Rc6 20. Bg5 Rb6 {[%emt 0:02:42] Weighted Error Value: White=0.07 (flawless) /Black=0.06 (flawless)} 1/2-1/2

[Event "Israeli Championship 2022"]
[Site "Yosiah Arad"]
[Date "2022.12.10"]
[Round "6.1"]
[White "Gorshtein, Ido"]
[Black "Kochavi, Ori"]
[Result "1/2-1/2"]
[ECO "A25"]
[WhiteElo "2469"]
[BlackElo "2326"]
[Annotator "TA"]
[PlyCount "40"]
[EventDate "2022.12.05"]
[EventType "swiss"]
[EventCountry "ISR"]
[SourceTitle "playchess.com"]
[Source "ChessBase"]
[SourceQuality "1"]
[TimeControl "40/5400+30:1800+30"]

1. c4 e5 2. g3 Nc6 3. Bg2 g6 4. Nc3 Bg7 5. d3 d6 6. Rb1 a5 $1 {[%emt 0:00:06] 6...a5 is better than 6...f5.} 7. e3 Nge7 {[%emt 0:05:36] A25: English Opening vs King's Indian with ...Nc6 but without early d3.} 8. Nge2 h5 9. h3 h4 {[%emt 0:04:11] The position is equal.} 10. g4 f5 11. gxf5 gxf5 12. Rg1 {[%emt 0:04:51] [#] Bxc6+ is the strong threat.} Rg8 13. Nd5 Be6 14. Nec3 Bf7 {[%emt 0:09:28] [#]} 15. Kf1 $146 ({Predecessor:} 15. a3 Qd7 16. Bd2 Nd8 17. Bf3 Kf8 18. Bh5 Nc8 19. Bxf7 Qxf7 20. e4 f4 21. Rg5 {1-0 (55) Obukhov,A (2375)-Bogdanovski,V (2425) Prilep 1992}) 15... Bh8 16. a3 Nxd5 17. Nxd5 Kf8 18. Bd2 Nb8 19. b4 c6 20. Nc3 axb4 $1 {[%emt 0:00:37] Weighted Error Value: White=0.12 (very precise) /Black=0.10 (very precise)} 1/2-1/2

[Event "Israeli Championship 2022"]
[Site "Yosiah Arad"]
[Date "2022.12.10"]
[Round "6.2"]
[White "Parkhov, Yair"]
[Black "Boruchovsky, Avital"]
[Result "1/2-1/2"]
[ECO "D35"]
[WhiteElo "2470"]
[BlackElo "2552"]
[Annotator "TA"]
[PlyCount "57"]
[EventDate "2022.12.05"]
[EventType "swiss"]
[EventCountry "ISR"]
[SourceTitle "playchess.com"]
[Source "ChessBase"]
[SourceQuality "1"]
[TimeControl "40/5400+30:1800+30"]

1. d4 Nf6 2. c4 e6 3. Nc3 d5 4. cxd5 exd5 5. Bg5 c6 6. e3 Bd6 7. Bd3 O-O 8. Nf3 {[%emt 0:00:43] D35: Queen's Gambit Declined: Exchange Variation.} Re8 9. O-O Bg4 {[%emt 0:00:43] Against e4} 10. Qb3 {[%emt 0:03:18] The position is equal.} Na6 {[%emt 0:00:12] [#]} 11. Rac1 $146 (11. Qxb7 Nb4 12. Bxh7+ (12. Ne5 $2 Re7 $17) 12... Kxh7 13. Qxf7 Rf8 14. Bxf6 Qxf6 15. Qxf6 Rxf6 $17) ({Predecessor:} 11. a3 Rb8 12. Ne5 Bxe5 13. dxe5 Rxe5 14. Bf4 Nc5 15. Qc2 Rh5 16. Bxb8 Qxb8 17. f4 {½-½ (40) So,W (2778)-Shankland,S (2704) Berlin 2022}) 11... Bxf3 12. gxf3 Nc7 13. Bh4 Qd7 14. Ne2 (14. Qxb7 $2 Reb8 $19) 14... Nh5 ({Black should play} 14... Qh3 $11 15. Bg3 Bxg3 16. hxg3 Ne6) 15. Qxb7 $14 c5 ({Less strong is} 15... Qh3 16. Bg3 (16. Qxc6 $2 Qxh2#) 16... Reb8 17. Qxc6 Nxg3 18. hxg3 $18 (18. Nxg3 Rb6 $16)) 16. dxc5 Reb8 {[%emt 0:00:13] [#]} 17. Qxa8 Rxa8 18. cxd6 {[%emt 0:00:07] The board is on fire.} Ne8 {[%emt 0:00:03] [#] This move loses the game for Black.} (18... Qxd6 $11 19. Ng3 Qb4) 19. Rc5 $1 $18 {[%emt 0:03:00] Hoping for Rfc1.} Qxd6 20. Rfc1 {[%emt 0:00:08] Black must now prevent Rc8.} g6 21. b4 Qd7 22. Bb5 {[%emt 0:08:55] Against Qa4} Qh3 23. Bg3 Nef6 24. a4 Nxg3 (24... Qe6 {was worth a try.} 25. Rc6 (25. Nd4 Qe7 $16) 25... Qe7) 25. hxg3 Qe6 26. a5 h5 27. Bc6 Rb8 28. Nf4 Qd6 29. b5 {[%emt 0:04:36] Weighted Error Value: White=0.10 (very precise) /Black=0.21 (precise)} (29. Bxd5 $16 Kg7 30. Rc6) 1/2-1/2

[Event "Israeli Championship 2022"]
[Site "Yosiah Arad"]
[Date "2022.12.10"]
[Round "6.3"]
[White "Bronstein, Or"]
[Black "Kobo, Ori"]
[Result "1-0"]
[ECO "D11"]
[WhiteElo "2442"]
[BlackElo "2554"]
[Annotator "TA"]
[PlyCount "92"]
[EventDate "2022.12.05"]
[EventType "swiss"]
[EventCountry "ISR"]
[SourceTitle "playchess.com"]
[Source "ChessBase"]
[SourceQuality "1"]
[TimeControl "40/5400+30:1800+30"]

1. d4 Nf6 2. c4 c6 3. Nf3 d5 4. e3 Bg4 5. h3 Bh5 6. g4 {[%emt 0:00:05] D11: Slav Defence: 3 Nf3 sidelines and 3...Nf6 4 e3 Bg4.} Bg6 7. Ne5 Nbd7 8. Nxg6 {[%emt 0:03:13] The position is equal.} hxg6 9. Bg2 {[%emt 0:00:42] Recently 9.cxd5 got a lot of attention.} dxc4 10. Nd2 e5 11. Nxc4 exd4 12. Qxd4 {[%emt 0:21:42] [#]} Bb4+ $146 ({Predecessor:} 12... Nc5 13. Qxd8+ Rxd8 14. Ke2 Nfe4 15. Nd2 f5 16. gxf5 gxf5 17. Nxe4 Nxe4 18. Bxe4 fxe4 {½-½ (60) Bok,B (2611)-Sandipan,C (2577) Moscow 2016}) 13. Bd2 Bxd2+ 14. Qxd2 O-O $1 15. O-O-O Nb6 16. Qxd8 Raxd8 17. Na5 Rb8 18. g5 Nfd5 19. h4 Rfe8 20. a3 Re5 21. b4 Na4 22. Kc2 Nac3 23. Rd4 Nb5 24. Rd3 Nbc7 25. Rhd1 Re6 26. Kb3 f5 27. gxf6 Rxf6 28. R1d2 Kh7 29. f4 (29. Nc4 $16) 29... Re8 {[%emt 0:02:04] [#]} ({Black should play} 29... Nb6 $14) 30. Nc4 $1 $16 ({Much weaker is} 30. Nxb7 $6 Rxe3 31. Rxe3 Nxe3 $11) 30... Rfe6 31. Ne5 Rxe5 32. fxe5 Rxe5 33. e4 Nf6 34. Rd8 Nxe4 $2 {[%emt 0:01:56] This move loses the game for Black.} (34... Ne6 $16) 35. Bxe4 $18 Rxe4 $16 {[%emt 0:00:01][%mdl 4096] Endgame KRR-KRN} 36. Rb8 {[%emt 0:00:00] [#] aiming for Rdd8.} ({Don't take} 36. R8d7 Re3+ 37. Kb2 Nb5 38. Rxb7 Nxa3) 36... Re3+ 37. Kb2 {[%emt 0:00:14] And now Rdd8 would win.} Nd5 38. Rxb7 a6 39. Rf2 {[%emt 0:00:46] Threatens to win with Rff7.} Kh6 $2 (39... Rh3 {is a better defense.} 40. Rc2 Rxh4 41. Rxc6 Rh2+ 42. Kc1 Rh1+ 43. Kd2 g5 44. Rxa6 Rh2+ 45. Ke1 Nf4) 40. Rf8 $18 {[%emt 0:01:02][%cal Rf8h8] White is clearly winning.} Re2+ 41. Kb3 Re3+ 42. Kc4 Rc3+ (42... g5 $142 43. hxg5+ Kg6) 43. Kd4 Kh5 44. Rxg7 Rxa3 45. Rh8+ Kg4 46. Rxg6+ Kf5 {[%emt 0:00:20] Weighted Error Value: White=0.09 (flawless) /Black=0.32} 1-0